 Dungeon Crawl Stone Soup version 0.23-a0-57-gd13e5294dc (webtiles) character file.

72 LLavrengius the Insei (level 4, -2/34 HPs)
             Began as a Gnoll Transmuter on Aug 9, 2018.
             Slain by Sigmund
             ... wielding a +0 scythe
              (12 damage)
             ... on level 2 of the Dungeon.
             The game lasted 00:03:04 (1592 turns).

LLavrengius the Insei (Gnoll Transmuter)            Turns: 1592, Time: 00:03:05

Health: -2/34      AC:  2    Str: 12    XL:     4   Next: 26%
Magic:  11/11      EV: 15    Int: 17    God:
Gold:   147        SH:  0    Dex: 18    Spells: 10/13 levels left

rFire    . . .     SeeInvis .     - Unarmed
rCold    + . .     Gourm    .   (no shield)
rNeg     . . .     Faith    .   e - +0 robe {rC+}
rPois    .         Spirit   .   (no helmet)
rElec    .         Reflect  .   (no cloak)
rCorr    .         Harm     .   (no gloves)
MR       .....                  (boots currently unavailable)
Stlth    ++........             f - amulet of the acrobat
HPRegen  0.11/turn              h - +3 ring of dexterity
MPRegen  0.12/turn              (no ring)

@: appendage (expiring)
A: distributed training, fangs 1, talons 3, strong nose
a: End Transformation


You were on level 2 of the Dungeon.
You were not hungry.
You had grown temporary talons.
You visited 1 branch of the dungeon, and saw 2 of its levels.

You collected 147 gold pieces.

Inventory:

Missiles
 a - 29 arrows
 g - 94 stones (quivered)
Armour
 e - a +0 robe of cold resistance (worn)
Jewellery
 f - an amulet of the acrobat (around neck)
 h - a +3 ring of dexterity (left hand)
Scrolls
 c - 2 scrolls of amnesia {unknown}
 j - a scroll of blinking {unknown}
 k - a scroll of identify {unknown}
 n - 2 scrolls of teleportation {unknown}
Potions
 b - a potion of curing {unknown}
 i - a potion of heal wounds {unknown}
 l - a potion of agility {unknown}
 m - a potion of lignification {unknown}
Comestibles
 d - 3 rations
 o - 6 chunks of flesh


   Skills:
 + Level 2.7 Fighting
 + Level 1.0 Short Blades
 + Level 1.0 Long Blades
 + Level 1.0 Axes
 + Level 1.0 Maces & Flails
 + Level 1.0 Polearms
 + Level 1.0 Staves
 + Level 1.0 Slings
 + Level 1.0 Bows
 + Level 1.0 Crossbows
 + Level 1.0 Throwing
 + Level 1.0 Armour
 + Level 4.6 Dodging
 + Level 1.0 Stealth
 + Level 1.0 Shields
 + Level 6.6 Unarmed Combat
 + Level 5.0 Spellcasting
 + Level 0.8 Conjurations
 + Level 0.8 Hexes
 + Level 0.8 Charms
 + Level 0.8 Summonings
 + Level 0.8 Necromancy
 + Level 0.8 Translocations
 + Level 3.8 Transmutations
 + Level 0.8 Fire Magic
 + Level 0.8 Ice Magic
 + Level 0.8 Air Magic
 + Level 0.8 Earth Magic
 + Level 0.8 Poison Magic
 + Level 1.1 Invocations
 + Level 1.0 Evocations


You had 10 spell levels left.
You knew the following spells:

 Your Spells              Type           Power        Failure   Level  Hunger
a - Beastly Appendage     Tmut           ###...       3%          1    None
b - Sticks to Snakes      Tmut           ###.....     4%          2    #......

Your spell library contained the following spells:

 Spells                   Type           Power        Failure   Level  Hunger
 Spider Form              Tmut/Pois      ##........   16%         3    ###....
 Blade Hands              Tmut           ###.......   63%         5    ######.
 Ice Form                 Ice/Tmut       ##......     47%         4    ####...


Dungeon Overview and Level Annotations

Branches:
Dungeon (2/15)

Altars:

Annotations:
D:2 Sigmund


Innate Abilities, Weirdness & Mutations

Your experience applies equally to all skills.
You have very sharp teeth.
Your uncanny sense of smell can sniff out nearby items.
You have claws for feet.


Message History

You see here a bat corpse.
You hit Sigmund. Your kick misses Sigmund.
Sigmund is lightly wounded.
You punch Sigmund! Your kick misses Sigmund. You punch Sigmund.
Sigmund is heavily wounded.
Sigmund casts a spell at you.
You are confused.
You're too confused to move!
Sigmund gestures at you while chanting. The magic dart hits you!
You bump into the rock wall.
Sigmund misses you.
You bump into the rock wall.
Sigmund hits you with a scythe.
You bump into the rock wall.
Your transformation is almost over.
Sigmund hits you from afar with a scythe.
* * * LOW HITPOINT WARNING * * *
You bump into the rock wall.
You feel less confused.
Sigmund hits you from afar with a scythe!
You die...

#################.##
#.................##
#.##################
#.# # #.# # #.# #
#.# # #.#######
#..@†@..# #######.#


You could see Sigmund.

Vanquished Creatures
  Natasha (D:2)
  2 adders (D:2)
  A dart slug (D:2)
  A leopard gecko (D:1)
  2 giant cockroaches (D:2)
  6 hobgoblins
  4 jackals (D:2)
  3 kobolds
  A bat (D:2)
  A frilled lizard (D:2)
  4 rats
26 creatures vanquished.

Vanquished Creatures (others)
  2 fungi (D:2)
2 creatures vanquished.

Grand Total: 28 creatures vanquished

Notes
Turn   | Place    | Note
-------+----------+-------------------------------------------
     0 | D:1      | LLavrengius the Gnoll Transmuter began the quest for the Orb.
     0 | D:1      | Reached XP level 1. HP: 17/17 MP: 6/6
   447 | D:1      | Reached XP level 2. HP: 19/23 MP: 7/7
   478 | D:1      | Learned a level 2 spell: Sticks to Snakes
   989 | D:2      | Noticed Natasha
   997 | D:2      | Killed Natasha
   997 | D:2      | Reached skill level 5 in Spellcasting
   997 | D:2      | Reached XP level 3. HP: 14/28 MP: 7/9
  1191 | D:2      | Reached skill level 1 in Invocations
  1360 | D:2      | Reached skill level 1 in Short Blades
  1360 | D:2      | Reached skill level 1 in Long Blades
  1360 | D:2      | Reached skill level 1 in Axes
  1360 | D:2      | Reached skill level 1 in Maces & Flails
  1360 | D:2      | Reached skill level 1 in Polearms
  1360 | D:2      | Reached skill level 1 in Staves
  1360 | D:2      | Reached skill level 1 in Slings
  1360 | D:2      | Reached skill level 1 in Bows
  1360 | D:2      | Reached skill level 1 in Crossbows
  1360 | D:2      | Reached skill level 1 in Throwing
  1360 | D:2      | Reached skill level 1 in Armour
  1360 | D:2      | Reached skill level 1 in Stealth
  1360 | D:2      | Reached skill level 1 in Shields
  1360 | D:2      | Reached skill level 1 in Evocations
  1360 | D:2      | Reached XP level 4. HP: 32/34 MP: 11/11
  1578 | D:2      | Noticed Sigmund
  1592 | D:2      | Slain by Sigmund

Vault maps used:
D:1:      tarquinn_simple_flora_water_b
D:2:      minmay_gold_behind_fungi, grunt_ministairs_4, uniq_sigmund,
          uniq_natasha

Skill      XL: |  1  2  3 |
---------------+----------+-----
Spellcasting   | 5 |  5.0
Invocations    | 1 |  1.1
Short Blades   | 1 |  1.0
Long Blades    | 1 |  1.0
Axes           | 1 |  1.0
Maces & Flails | 1 |  1.0
Polearms       | 1 |  1.0
Staves         | 1 |  1.0
Slings         | 1 |  1.0
Bows           | 1 |  1.0
Crossbows      | 1 |  1.0
Throwing       | 1 |  1.0
Armour         | 1 |  1.0
Stealth        | 1 |  1.0
Shields        | 1 |  1.0
Evocations     | 1 |  1.0
Fighting       | |  2.7
Dodging        | |  4.6
Unarmed Combat | |  6.6
Conjurations   | |  0.8
Hexes          | |  0.8
Charms         | |  0.8
Summonings     | |  0.8
Necromancy     | |  0.8
Translocations | |  0.8
Transmutations | |  3.8
Fire Magic     | |  0.8
Ice Magic      | |  0.8
Air Magic      | |  0.8
Earth Magic    | |  0.8
Poison Magic   | |  0.8

Action                   |  1- 3 |  4- 6 || total
-------------------------+-------+-------++-------
Melee: Unarmed           |    57 |    23 ||    80
       Bite              |     5 |     3 ||     8
       Punch             |     1 |     2 ||     3
       Kick              |     1 |       ||     1
       Headbutt          |     1 |       ||     1
 Cast: Beastly Appendage |     2 |     1 ||     3
 Stab: Sleeping          |     1 |     1 ||     2
  Eat: Chunk             |     1 |     1 ||     2
Armor: Robe              |     4 |     3 ||     7
Dodge: Dodged            |    45 |    18 ||    63

Table legend:
 A = Spawn XP
 B = Non-spawn XP
 C = Spawn XP percentage of total XP
 D = Spawn monster count
 E = Non-spawn monster count
 F = Spawn count percentage of total count
 G = Total turns spent on level
                    A         B        C        D         E        F      G
               +---------+---------+-------+---------+---------+-------+---------
         Total |       0 |     104 |   0.0 |       0 |      26 |   0.0 |  1592
               +---------+---------+-------+---------+---------+-------+---------
           D:1 |       0 |      14 |   0.0 |       0 |       7 |   0.0 |   989
           D:2 |       0 |      90 |   0.0 |       0 |      19 |   0.0 |   603
               +---------+---------+-------+---------+---------+-------+---------
